 Dungeon Crawl Stone Soup version 0.26-a0-660-gc07710193c (webtiles) character file.

Game seed: 12667056994147063795

1645 jiml777 the Grasshopper (level 8, -4/64 HPs)
             Began as a Gnoll Warper on Oct 7, 2020.
             Splashed by a jelly's acid (10 damage)
             ... on level 6 of the Dungeon.
             The game lasted 00:22:57 (7372 turns).

jiml777 the Grasshopper (Gnoll Warper)              Turns: 7372, Time: 00:22:59

Health: -4/64      AC: -1    Str: 14    XL:     8   Next: 99%
Magic:  17/17      EV: 14    Int: 24    God:
Gold:   316        SH:  5    Dex: 14    Spells: 17/19 levels left

rFire    . . .     SeeInvis .   x - +2 spear (vorpal)
rCold    . . .     Faith    .   z - +0 buckler
rNeg     . . .     Spirit   .   l - +0 ring mail
rPois    .         Reflect  .   C - +0 helmet
rElec    .         Harm     .   (no cloak)
rCorr    .         Rampage  .   F - +1 pair of gloves
MR       .....                  J - +0 pair of boots
Stlth    +++.......             (no amulet)
HPRegen  0.20/turn              w - +6 ring of intelligence
MPRegen  0.15/turn              G - ring of stealth

@: corroded
A: distributed training, fangs 1, strong nose
a: no special abilities


You were on level 6 of the Dungeon.
You visited 1 branch of the dungeon, and saw 6 of its levels.

You collected 316 gold pieces.

Inventory:

Hand Weapons
 a - a +0 spear
 s - a +3 dagger of protection
 x - a +2 vorpal spear (weapon)
 D - a +0 trident
Missiles
 e - 5 boomerangs of dispersal (quivered)
 k - 113 arrows
 m - 52 sling bullets
 p - 5 silver javelins
 u - 13 boomerangs
 A - 20 bolts
 L - 41 poisoned darts
Armour
 b - a +0 leather armour
 l - a +0 ring mail (worn)
 z - a +0 buckler (worn)
 C - a +0 helmet (worn)
 F - a +1 pair of gloves (worn)
 J - a +0 pair of boots (worn)
Jewellery
 w - a +6 ring of intelligence (left hand)
 G - a ring of stealth (right hand)
Wands
 r - a wand of iceblast (13)
Scrolls
 d - a scroll of blinking
 g - a scroll of amnesia
 i - 4 scrolls of teleportation
 n - a scroll of identify
 v - a scroll of magic mapping
Potions
 c - 2 potions of berserk rage {unknown}
 f - 2 potions of flight
 h - a potion of resistance {unknown}
 j - a potion of stabbing {unknown}
 o - 2 potions of mutation
 q - a potion of cancellation
 t - 2 potions of might
 K - a potion of magic
 M - a potion of brilliance


   Skills:
 + Level 6.0 Fighting
 + Level 3.7 Short Blades
 + Level 3.7 Long Blades
 + Level 3.7 Axes
 + Level 3.7 Maces & Flails
 + Level 6.0 Polearms
 + Level 3.7 Staves
 + Level 3.7 Slings
 + Level 3.7 Bows
 + Level 3.7 Crossbows
 + Level 4.6 Throwing
 + Level 4.6 Armour
 + Level 6.0 Dodging
 + Level 3.7 Stealth
 + Level 3.7 Shields
 + Level 3.7 Unarmed Combat
 + Level 6.3 Spellcasting
 + Level 3.1 Conjurations
 + Level 3.1 Hexes
 + Level 3.1 Summonings
 + Level 3.1 Necromancy
 + Level 6.3 Translocations
 + Level 3.1 Transmutations
 + Level 3.1 Fire Magic
 + Level 3.1 Ice Magic
 + Level 3.1 Air Magic
 + Level 3.1 Earth Magic
 + Level 3.1 Poison Magic
 + Level 4.1 Invocations
 + Level 3.7 Evocations


You had 17 spell levels left.
You knew the following spells:

 Your Spells              Type           Power        Failure   Level
a - Blink                 Tloc           N/A          1%          2

Your spell library contained the following spells:

 Spells                   Type           Power        Failure   Level
 Gell's Gravitas          Tloc           #####.....   3%          3
 Lesser Beckoning         Tloc           #####.....   3%          3
 Teleport Other           Tloc           #####...     3%          3
 Animate Skeleton         Necr           ###...       4%          1
 Pain                     Necr           ###.         4%          1
 Passage of Golubria      Tloc           N/A          11%         4
 Vampiric Draining        Necr           ###.......   13%         3
 Animate Dead             Necr           ###.......   38%         4
 Agony                    Necr           ###.....     75%         5


Dungeon Overview and Level Annotations

Branches:
Dungeon (6/15)
 Temple: D:4-7

Altars:
Elyvilon
Fedhas
Okawaru
Qazlal
Trog
Uskayaw
Vehumet


Innate Abilities, Weirdness & Mutations

Your experience applies equally to all skills.
You have very sharp teeth.
Your uncanny sense of smell can sniff out nearby items.


Message History

The jelly hits you.
You are splashed with acid!
You barely miss the jelly.
The jelly is severely wounded.
You hit the jelly but do no damage.
Your hands burn!
The jelly is severely wounded.
The jelly completely misses you.
You hit the jelly but do no damage.
Your hands burn!
The jelly is severely wounded.
The jelly barely misses you.
You hit the jelly but do no damage.
Your hands burn!
The jelly is severely wounded.
The jelly hits you.
You are splashed with acid!
* * * LOW HITPOINT WARNING * * *
You hit the jelly but do no damage.
Your hands burn!
* * * LOW HITPOINT WARNING * * *
The jelly is severely wounded.
The jelly hits you.
* * * LOW HITPOINT WARNING * * *
The acid corrodes you!
You are splashed with acid!
You die...

# #.# ##'## #.#
##...## #.#
##.....## ##.#
##.......## ##..#
#........>####...##
+.........+.......
#.........# #...##
.#.......## #J@.#
.##.....## ###.#
.###...## #.# .#
##'## #.# .# #.#
#.# .# #.# #.# ##
##.## #.#
##...###### #)#
###...?.....# #.#


You could see a jelly.

Vanquished Creatures
  A sky beast (D:5)
  5 ogres
  A necrophage (D:6)
  2 phantoms
  A big kobold (D:2)
  A water moccasin zombie (D:5)
  A scorpion (D:4)
  A bullfrog zombie (D:6)
  2 hounds
  2 jellies
  2 orc priests
  An orc wizard (D:4)
  Jessica (D:2)
  2 iguanas (D:5)
  Natasha (thrice) (D:3)
  2 worker ants
  A worker ant zombie (D:5)
  Robin (D:3)
  A howler monkey skeleton (D:4)
  8 adders
  An ufetubus (D:5)
  An ooze (D:5)
  2 adder skeletons
  2 worms
  6 dart slugs
  3 leopard geckos
  19 orcs
  2 ball pythons (D:1)
  5 bats
  9 giant cockroaches
  10 goblins
  10 hobgoblins
  9 jackals
  3 kobolds (D:3)
  2 quokkas (D:6)
  5 frilled lizards
  10 rats
138 creatures vanquished.

Notes
Turn   | Place    | Note
-------+----------+-------------------------------------------
     0 | D:1      | jiml777 the Gnoll Warper began the quest for the Orb.
     0 | D:1      | Reached XP level 1. HP: 20/20 MP: 6/6
   227 | D:1      | Reached XP level 2. HP: 22/26 MP: 7/7
   753 | D:1      | Reached XP level 3. HP: 29/31 MP: 9/9
   981 | D:2      | Reached skill level 5 in Spellcasting
  1038 | D:2      | Noticed a big kobold
  1066 | D:2      | Killed a big kobold
  1066 | D:2      | Reached skill level 1 in Short Blades
  1066 | D:2      | Reached skill level 1 in Long Blades
  1066 | D:2      | Reached skill level 1 in Axes
  1066 | D:2      | Reached skill level 1 in Maces & Flails
  1066 | D:2      | Reached skill level 1 in Staves
  1066 | D:2      | Reached skill level 1 in Slings
  1066 | D:2      | Reached skill level 1 in Bows
  1066 | D:2      | Reached skill level 1 in Crossbows
  1066 | D:2      | Reached skill level 1 in Stealth
  1066 | D:2      | Reached skill level 1 in Shields
  1066 | D:2      | Reached skill level 1 in Unarmed Combat
  1066 | D:2      | Reached skill level 1 in Conjurations
  1066 | D:2      | Reached skill level 1 in Hexes
  1066 | D:2      | Reached skill level 1 in Summonings
  1066 | D:2      | Reached skill level 1 in Necromancy
  1066 | D:2      | Reached skill level 1 in Transmutations
  1066 | D:2      | Reached skill level 1 in Fire Magic
  1066 | D:2      | Reached skill level 1 in Ice Magic
  1066 | D:2      | Reached skill level 1 in Air Magic
  1066 | D:2      | Reached skill level 1 in Earth Magic
  1066 | D:2      | Reached skill level 1 in Poison Magic
  1066 | D:2      | Reached skill level 1 in Invocations
  1066 | D:2      | Reached skill level 1 in Evocations
  1066 | D:2      | Reached XP level 4. HP: 22/38 MP: 11/11
  1431 | D:2      | Learned a level 2 spell: Blink
  1649 | D:2      | Reached XP level 5. HP: 37/43 MP: 12/12
  1660 | D:2      | Noticed Jessica
  1678 | D:2      | Killed Jessica
  2079 | D:3      | Found a radiant altar of Vehumet.
  2101 | D:3      | Noticed Robin
  2128 | D:3      | Killed Robin
  2359 | D:3      | Noticed Natasha
  2379 | D:3      | Killed Natasha
  2394 | D:3      | HP: 2/43 [orc priest/divine providence (14)]
  2395 | D:3      | Noticed Natasha
  2605 | D:3      | Reached XP level 6. HP: 41/50 MP: 13/13
  3049 | D:3      | Reached skill level 5 in Fighting
  3049 | D:3      | Reached skill level 5 in Polearms
  3049 | D:3      | Reached skill level 5 in Dodging
  3106 | D:3      | Found a stormy altar of Qazlal.
  3195 | D:3      | Killed Natasha
  3462 | D:3      | Noticed Natasha
  3472 | D:3      | Killed Natasha
  3803 | D:4      | Reached XP level 7. HP: 50/56 MP: 15/15
  5091 | D:5      | Entered Level 5 of the Dungeon
  5114 | D:5      | Found a blossoming altar of Fedhas.
  5165 | D:5      | Found a hide-covered altar of Uskayaw.
  5182 | D:5      | Reached XP level 8. HP: 14/63 MP: 16/16
  5989 | D:5      | Found a white marble altar of Elyvilon.
  6847 | D:6      | Found an iron altar of Okawaru.
  6848 | D:6      | Found a bloodstained altar of Trog.
  7372 | D:6      | Splashed by a jelly's acid

Illustrated notes

Levels and vault maps discovered:
D:1:      giann_forest_graveyard, layout_basic
D:2:      layout_loops_ring, uniq_jessica
D:3:      layout_basic, lemuel_crystal_altar, grunt_qazlal_sundering,
          st_stairs_11, uniq_natasha, uniq_robin
D:4:      layout_basic, portal_sewer_entry_c, kennysheep_cross_room
D:5:      layout_basic, nicolae_overflow_crystal_walls,
          overflow_temple_1_default, basic_altar, serial_glass, glass_columns_b,
          glass_columns_c, hex_tiny
D:6:      layout_loops_corners, grunt_temple_overflow_bloody_war

Skill      XL: |  1  2  3  4  5  6  7  8 |
---------------+-------------------------+-----
Spellcasting   | 5 6 |  6.3
Short Blades   | 1 2 3 |  3.7
Long Blades    | 1 2 3 |  3.7
Axes           | 1 2 3 |  3.7
Maces & Flails | 1 2 3 |  3.7
Staves         | 1 2 3 |  3.7
Slings         | 1 2 3 |  3.7
Bows           | 1 2 3 |  3.7
Crossbows      | 1 2 3 |  3.7
Stealth        | 1 2 3 |  3.7
Shields        | 1 2 3 |  3.7
Unarmed Combat | 1 2 3 |  3.7
Conjurations   | 1 2 3 |  3.1
Hexes          | 1 2 3 |  3.1
Summonings     | 1 2 3 |  3.1
Necromancy     | 1 2 3 |  3.1
Transmutations | 1 2 3 |  3.1
Fire Magic     | 1 2 3 |  3.1
Ice Magic      | 1 2 3 |  3.1
Air Magic      | 1 2 3 |  3.1
Earth Magic    | 1 2 3 |  3.1
Poison Magic   | 1 2 3 |  3.1
Invocations    | 1 2 3 4 |  4.1
Evocations     | 1 2 3 |  3.7
Throwing       | 3 4 |  4.6
Armour         | 3 4 |  4.6
Fighting       | 5 6 |  6.0
Polearms       | 5 6 |  6.0
Dodging        | 5 6 |  6.0
Translocations | 6 |  6.3

Action                   |  1- 3 |  4- 6 |  7- 9 || total
-------------------------+-------+-------+-------++-------
Melee: Spear             |    45 |       |    30 ||    75
       Bite              |    12 |    55 |    45 ||   112
       Dagger            |    49 |   429 |   391 ||   869
Evoke: Wand              |       |       |     1 ||     1
  Use: Potion            |       |     2 |     1 ||     3
       Scroll            |       |       |    20 ||    20
 Stab: Sleeping          |       |       |     4 ||     4
Armor: Leather armour    |     1 |       |       ||     1
       Ring mail         |    22 |   179 |   110 ||   311
Dodge: Dodged            |    65 |   248 |   205 ||   518
Block: Buckler           |       |    79 |    64 ||   143

Table legend: (Time is in decaauts)
 A = Elapsed time spent in this place.
 B = Non-inter-level travel time spent in this place.
 C = Inter-level travel time spent in this place.
 D = Time resting spent in this place.
 E = Time spent auto-exploring this place.
 F = Levels seen in this place.
 G = Mean time per level.
                   A        B        C        D        E       F      G
               +--------+--------+--------+--------+--------+-----+--------+
         Total |   7281 |   7085 |    196 |   1955 |   2715 |   6 | 1213.5 |
       Dungeon |   7281 |   7085 |    196 |   1955 |   2715 |   6 | 1213.5 |
               +--------+--------+--------+--------+--------+-----+--------+

Top non-repeatable levels by time:
     D:5: 1482 daAuts
     D:3: 1440 daAuts
     D:4: 1383 daAuts
     D:2: 1264 daAuts
     D:1: 957 daAuts
     D:6: 752 daAuts
